 Dungeon Crawl Stone Soup version 0.31-a0-868-g674d60d6f7 (webtiles) character file.

Game seed: 4503745129618751823

7 kae the Vexing (level 1, -1/13 HPs)
             Began as a Demonspawn Enchanter on Oct 11, 2023.
             Slain by a gnoll
             ... wielding a +0 club
              (4 damage)
             ... on level 1 of the Dungeon.
             The game lasted 00:00:16 (131 turns).

kae the Vexing (Demonspawn Enchanter)                Turns: 131, Time: 00:00:16

Health: -1/13      AC:  2    Str:  8    XL:     1   Next: 83%
Magic:  3/3        EV: 12    Int: 16    God:
Gold:   5          SH:  0    Dex: 13    Spells: 4/4 levels left

rFire   . . .        a - +1 dagger
rCold   . . .        (no shield)
rNeg    . . .        b - +0 robe
rPois   .            (no helmet)
rElec   .            (no cloak)
rCorr   .            (no gloves)
SInv    .            (no boots)
Will    .....        (no amulet)
Stlth   ++           (no ring)
HPRegen 0.22/turn    (no ring)
MPRegen 0.08/turn

%: no passive effects
@: no status effects
A: no striking features
a: no special abilities


You were on level 1 of the Dungeon.
You visited 1 branch of the dungeon, and saw 1 of its levels.

You collected 5 gold pieces.


   Skills:
 + Level 0.2 Fighting
 * Level 1.1 Short Blades
 + Level 1.8 Dodging
 + Level 2.7 Stealth
 + Level 2.0 Spellcasting
 * Level 3.1 Hexes


You had 4 spell levels left.
You didn't know any spells.
Your spell library contained the following spells:

 Spells                   Type           Power      Damage    Failure   Level
 Ensorcelled Hibernation  Hex/Ice        12%        N/A       16%         2
 Confusing Touch          Hex            11%        N/A       17%         3
 Tukima's Dance           Hex            11%        N/A       17%         3
 Dazzling Flash           Conj/Hex       12%        N/A       32%         3

Inventory:

Hand Weapons
 a - a +1 dagger (weapon)
Armour
 b - a +0 robe (worn)
Potions
 c - 2 potions of invisibility
 d - a potion of curing {unknown}

Dungeon Overview and Level Annotations

Branches:
Dungeon (1/15) Zot: 5869

Altars:

######.......
##..........#
#...........#
#...........#
#.#'##...######.
#.#.............#.
#.#.##.#.....####.
#.#.##............
#@#.####.#........
#g#.#............#
#K#.#........#....
#.#.#........##..†
#.#.#[......†.....
..#..........##..#
############.#####
#.# # #.# #


You could see a gnoll and a kobold.


Message History

You kill the dart slug!
The bat hits you but does no damage. The bat barely misses you.
Your Short Blades skill increases to level 1! 😕 HP[-1]
You take 1 damage, and now have 10/13 hp.
There are monsters nearby!
You miss the bat. The bat closely misses you.
The bat hits you but does no damage. The bat barely misses you.
The bat hits you.
You barely miss the bat. The bat hits you. The bat barely misses you. 😮 HP[-1]
You take 1 damage, and now have 9/13 hp.
You are too injured to fight recklessly!
You are too injured to fight recklessly!
There are monsters nearby!
You are too injured to fight recklessly!
You are too injured to fight recklessly!
There are monsters nearby!
You are too injured to fight recklessly!
You are too injured to fight recklessly!
There are monsters nearby!
You are too injured to fight recklessly!
You are too injured to fight recklessly!
You closely miss the bat. The bat barely misses you.
The bat hits you but does no damage. The bat hits you but does no damage. x2
The bat attacks as it pursues you! The bat closely misses you. x2
The bat attacks as it pursues you! The bat closely misses you.
The bat hits you but does no damage. 😕 HP[+1]
You hit the bat.
You kill the bat!
The bat closely misses you.
You barely miss the bat. The bat hits you but does no damage.
The bat hits you but does no damage. The bat barely misses you.
You closely miss the bat. The bat closely misses you.
The bat closely misses you. 😕 HP[+1]
You closely miss the bat. The bat closely misses you.
You hit the bat. The bat closely misses you. The bat hits you. 😕 HP[-1]
You take 1 damage, and now have 10/13 hp.
You hit the bat.
The bat hits you but does no damage. 😕 HP[+1]
You start resting.
A bat is nearby!
You miss the bat. The bat closely misses you.
A bat is nearby!
You hit the bat. The bat misses you. The bat barely misses you.
You hit the bat.
You kill the bat! 😕 HP[+1]
You start resting. 😎 HP[+1]
Your hp is fully restored (13).
You see here a bat corpse.
A ball python comes into view.
The ball python hisses angrily.
A ball python is nearby!
A ball python is nearby!
You hit the ball python.
You kill the ball python!
No target in view!
No target in view!
No target in view!
You now have 5 gold pieces.
d - a black potion No target in view!
No target in view!
You open the door.
There is an open door here.
A gnoll comes into view. It is wielding a +0 club.
A gnoll is nearby!
The gnoll shouts!
You hear a shout!
A gnoll is nearby!
A gnoll is nearby!
The gnoll hits you with a +0 club!
Ouch! That really hurt!
* * * LOW HITPOINT WARNING * * *
You are too injured to fight recklessly! 😨 HP[-7]
You take 7 damage, and now have 6/13 hp.
MASSIVE DAMAGE!! (PAUSE)
You hit the gnoll. The gnoll hits you with a +0 club.
* * * LOW HITPOINT WARNING * * *
😨 HP[-1]
You take 1 damage, and now have 5/13 hp.
You hit the gnoll.
A kobold comes into view. It is wielding a +0 short sword.
The gnoll misses you.
You hit the gnoll. The gnoll barely misses you. 😨 HP[+1]
You closely miss the gnoll. The gnoll hits you with a +0 club.
* * * LOW HITPOINT WARNING * * *
😱 HP[-3]
You take 3 damage, and now have 3/13 hp.
MASSIVE DAMAGE!! (PAUSE)
You hit the gnoll. The gnoll closely misses you.
You hit the gnoll. The gnoll hits you with a +0 club.
You die...

Skill      XL: |  1 |
---------------+----+-----
Short Blades   | 1 |  1.1
Fighting       | |  0.2
Dodging        | |  1.8
Stealth        | |  2.7
Spellcasting   | |  2.0
Hexes          | |  3.1

Action                     || total
---------------------------++-------
  Melee: Dagger            ||    26
   Stab: Sleeping          ||     1
 Armour: Robe              ||    20
  Dodge: Dodged            ||    23

Levels and vault maps discovered:
D:1:      reono_arrival_mine, layout_basic

Notes
Turn   | Place    | Note
-------+----------+-------------------------------------------
     0 | D:1      | kae the Demonspawn Enchanter began the quest for the Orb.
     0 | D:1      | Reached XP level 1. HP: 13/13 MP: 3/3
     0 | D:1      | magus.rc [v1.11.3]
    68 | D:1      | Reached skill level 1 in Short Blades
   129 | D:1      | HP: 3/13 [gnoll/+0 club (3)]
   131 | D:1      | Slain by a gnoll

Vanquished Creatures
  A dart slug (D:1)
  A ball python (D:1)
  An endoplasm (D:1)
  2 bats (D:1)
5 creatures vanquished.

Table legend:
 A = Non-vault XP
 B = Vault XP
 C = Vault XP percentage of total XP
 D = Non-vault monster count
 E = Vault monster count
 F = Vault count percentage of total count
                 A         B        C        D         E       F
            +---------+---------+-------+---------+---------+-------
      Total |      10 |       0 |   0.0 |       5 |       0 |   0.0
            +---------+---------+-------+---------+---------+-------
        D:1 |      10 |       0 |   0.0 |       5 |       0 |   0.0
            +---------+---------+-------+---------+---------+-------

Skill      XL: |  1 |
---------------+----+-----
Short Blades   | 1 |  1.1
Fighting       | |  0.2
Dodging        | |  1.8
Stealth        | |  2.7
Spellcasting   | |  2.0
Hexes          | |  3.1

Action                     || total
---------------------------++-------
  Melee: Dagger            ||    26
   Stab: Sleeping          ||     1
 Armour: Robe              ||    20
  Dodge: Dodged            ||    23

Illustrated notes

Table legend:
 A = Kills in this place as a percentage of kills in the entire game.
 B = Kills by you in this place as a percentage of kills by you in the entire game.
 C = Kills by friends in this place as a percentage of kills by friends in the entire game.
 D = Other kills in this place as a percentage of other kills in the entire game.
 E = Experience gained in this place as a percentage of experience gained in the entire game.
 F = Experience gained in this place divided by the number of levels of this place that you have seen.
                   A       B       C       D       E      F
               +-------+-------+-------+-------+-------+----------------------
         Total | 100.0 | 100.0 |   N/A |   N/A | 100.0 |  10.0
       Dungeon | 100.0 | 100.0 |   N/A |   N/A | 100.0 |  10.0
               +-------+-------+-------+-------+-------+----------------------

Table legend: (Time is in decaauts)
 A = Elapsed time spent in this place.
 B = Non-inter-level travel time spent in this place.
 C = Inter-level travel time spent in this place.
 D = Time resting spent in this place.
 E = Time spent auto-exploring this place.
 F = Levels seen in this place.
 G = Mean time per level.
                   A        B        C        D        E       F      G
               +--------+--------+--------+--------+--------+-----+--------+
         Total |    129 |    129 |      0 |      6 |     72 |   1 |  129.0 |
       Dungeon |    129 |    129 |      0 |      6 |     72 |   1 |  129.0 |
               +--------+--------+--------+--------+--------+-----+--------+

Top non-repeatable levels by time:
     D:1: 129 daAuts
